 Dungeon Crawl Stone Soup version 0.32-a0-675-gdc239d62e1 (webtiles) character file.

Game seed: 16677687931040507791

2366 shadizar the Geomancer (level 9, -18/55 HPs)
             Began as a Gargoyle Earth Elementalist on Mar 11, 2024.
             Was a Follower of Vehumet.
             Demolished by a boulder beetle (35 damage)
             ... on level 8 of the Dungeon.
             The game lasted 00:11:10 (7051 turns).

shadizar the Geomancer (GrEE)                       Turns: 7051, Time: 00:11:11

Health: -18/55     AC: 14    Str: 22    XL:     9   Next: 44%
Magic:  13/13      EV: 27    Int: 20    God:    Vehumet [*.....]
Gold:   469        SH:  0    Dex: 10    Spells: 5/14 levels left

rFire   . . .        t - +1 dagger (drain)
rCold   . . .        (no shield)
rNeg    + . .        C - +1 leather armour of the Tundras {Str+4}
rPois   ∞            (no helmet)
rElec   +            y - +1 cloak
rCorr   .            c - +0 pair of gloves
SInv    .            (no boots)
Will    .....        g - amulet of the acrobat
Stlth   ++           l - ring of wizardry
HPRegen 0.29/turn    m - +6 ring of strength
MPRegen 0.13/turn

%: acrobat, wizardry (x1)
@: acrobatic
A: sickness immunity, AC +6, negative energy resistance 1, electricity
resistance, torment resistance 1, petrification resistance
a: Renounce Religion


You were on level 8 of the Dungeon.
You worshipped Vehumet.
Vehumet was aware of your devotion.
You visited 2 branches of the dungeon, and saw 9 of its levels.

You collected 469 gold pieces.

Inventory:

Hand Weapons
 t - a +1 dagger of draining (weapon)
 A - the +1 war axe "Sokofoef" {venom, rF- Str+6}
   (You found it on level 5 of the Dungeon)

   Str+6:     It affects your strength (+6).
   rF-:       It makes you vulnerable to fire.
 D - the +0 trident of Evisceration {pain, rN+ MP+9}
   (You found it on level 7 of the Dungeon)

   rN+:       It protects you from negative energy.
   MP+9:      It affects your magic capacity (+9).
Missiles
 r - 5 silver javelins
Armour
 a - a +0 robe
 c - a +0 pair of gloves (worn)
 y - a +1 cloak (worn)
 C - the +1 leather armour of the Tundras (worn) {Str+4}
   (You found it on level 6 of the Dungeon)

   Str+4:     It affects your strength (+4).
Jewellery
 g - an amulet of the acrobat (around neck)
 l - a ring of wizardry (left hand)
 m - a +6 ring of strength (right hand)
Wands
 w - a wand of flame (9)
Scrolls
 d - 3 scrolls of butterflies {unknown}
 f - 2 scrolls of poison {unknown}
 i - a scroll of vulnerability {unknown}
 j - 3 scrolls of noise {unknown}
 o - 3 scrolls of revelation {unknown}
 p - 7 scrolls of identify {unknown}
 q - a scroll of amnesia {unknown}
 v - a scroll of fog {unknown}
 x - 2 scrolls of teleportation {unknown}
 B - 2 scrolls of immolation {unknown}
Potions
 b - 2 potions of magic
 e - 2 potions of curing {unknown}
 h - 2 potions of lignification {unknown}
 k - 3 potions of enlightenment {unknown}
 n - 4 potions of mutation {unknown}
 s - a potion of cancellation {unknown}
 u - a potion of invisibility {unknown}
 z - a potion of heal wounds {unknown}
 E - a potion of brilliance {unknown}
 F - a potion of haste {unknown}
 G - a potion of might {unknown}


   Skills:
 + Level 6.1 Fighting
 - Level 4.0 Armour
 + Level 3.8 Dodging
 - Level 2.9 Stealth
 - Level 3.0 Spellcasting
 - Level 3.0 Conjurations
 - Level 10.6 Earth Magic


You had 5 spell levels left.
You knew the following spells:

 Your Spells              Type           Power      Damage    Failure   Level
a - Sandblast             Erth           90%        2d19      1%          1
b - Stone Arrow           Conj/Erth      60%        3d10      1%          3
c - Lee's Rapid Deconstr  Erth           22%        3d13*     2%          5

Your spell library contained the following spells:

 Spells                   Type           Power      Damage    Failure   Level
 Magic Dart               Conj           60%        1d6       1%          1
 Passwall                 Erth           45%        N/A       1%          3
 Kiss of Death            Conj/Necr      36%        2d8       3%          1
 Brom's Barrelling Bould  Conj/Erth      30%        2d5       4%          4
 Momentum Strike          Conj/Tloc      18%        3d8       5%          2
 Animate Armour           Summ/Erth      48%        N/A       8%          4
 Petrify                  Alch/Erth      24%        N/A       8%          4
 Confusing Touch          Hex            3%         N/A       19%         3
 Ozocubu's Armour         Ice            3%         N/A       19%         3
 Animate Dead             Necr           3%         N/A       52%         4
 Dispel Undead            Necr           3%         3d7       52%         4
 Summon Lightning Spire   Summ/Air       3%         N/A       52%         4
 Metabolic Englaciation   Hex/Ice        1%         N/A       85%         5
 Sculpt Simulacrum        Ice/Alch       1%         N/A       100%        6
 Haunt                    Necr/Summ      1%         N/A       100%        7
 Infestation              Necr           1%         N/A       100%        8


Dungeon Overview and Level Annotations

Branches:
Dungeon (8/15)             Temple (1/1) D:5
   Lair: D:8-11

Altars:
Ashenzari
Cheibriados
Elyvilon
Gozag
Hepliaklqana
Kikubaaqudgha
Nemelex Xobeh
Okawaru
Qazlal
Ru
Sif Muna
Trog
Uskayaw
Vehumet
Wu Jian
Zin
The Shining One

Shops:
D:8 *

Annotations:
D:3 1 runed translucent door, Winter's ghost, amateur MiFi


Innate Abilities, Weirdness & Mutations

You are immune to sickness and miasma.
Your stone body is resilient. (AC +6)
You are immune to poison.
You resist negative energy. (rN+)
You are resistant to electric shocks. (rElec)
You are resistant to unholy torment.
You are immune to petrification.


Message History

Confirm with . or Enter, or press ? or * to list all spells.
Okay, then.
What level of the Dungeon? (default 9, ? - help)
Things that are here:
a +0 giant club; an ogre skeleton
There is a stone staircase leading down here.
You climb downwards.
Found a falchion.
There is a stone staircase leading up here.
You see here a +0 falchion.
You open the door.
There is an open door here.
F - a purple potion
Found a chain mail.
G - a bubbling blue potion You open the door.
Found 6 stones.
You open the door.
Found a hazy altar of Hepliaklqana.
There is an open door here.
You open the door.
There is an open door here.
B - 2 scrolls labelled DAT EKIBUFAV (gained 1)
Found an opulent altar of Gozag.
Found Gozag's Platinum Reserve.
There is an opulent altar of Gozag here.
There is an entrance to Gozag's Platinum Reserve here.
There is an opulent altar of Gozag here.
You now have 469 gold pieces (gained 17).
A steam dragon and a boulder beetle come into view.
Found a scroll labelled DONECV BYESAETWUO.
The boulder beetle curls into a ball and begins rolling!
The boulder beetle hits you!!!
Ouch! That really hurt!
* * * LOW HITPOINT WARNING * * *
The boulder beetle stops rolling and uncurls.
The boulder beetle curls into a ball and begins rolling!
The boulder beetle hits you!!
Ouch! That really hurt!
You die...

##.(.####+######.###≈≈≈≈≈≈≈#
.....'.......+.#.# #≈.....≈#
.....#.≈...≈.#...# #≈.⌠.⌠.≈#
#....#.≈._.≈.###.# #≈..∩..≈#
....##.≈...≈.###°###≈.⌠.⌠.≈#
.##..'.......+.#°#..≈.....≈#
. #.#####+####..○#.#≈≈...≈≈#
#.# #..# ###B#.#.≈._.≈.#
###.# #.## #@#.#.≈...≈.#
....####.### #.....≈≈.≈≈.#
.#.........# ###.........#
.#.#######.# #......####
.#......##.#######.######
.######.##.........#
........############
#########


You could see a boulder beetle (rolling).

Vanquished Creatures
  Duvessa (D:7)
  An orc warrior (D:7)
  3 ice beasts
  3 sky beasts
  3 ogres
  A centaur (D:7)
  4 phantoms
  A kobold brigand (D:7)
  A bullfrog (D:7)
  A scorpion (D:5)
  Dowan (D:7)
  2 bombardier beetles
  3 quasits
  3 hounds
  A jelly (D:4)
  2 orc priests (D:6)
  An orc wizard (D:7)
  A sleepcap (D:4)
  7 gnolls
  9 adders
  4 shadow imps (D:7)
  6 white imps
  6 ufetubi
  A dart slug (D:1)
  2 ribbon worms
  15 orcs
  6 ball pythons
  4 bats
  6 endoplasms
  2 giant cockroaches (D:1)
  4 hobgoblins
  8 jackals
  24 kobolds
  2 quokkas (D:2)
  2 frilled lizards
  6 goblins
  4 rats
151 creatures vanquished.

Notes
Turn   | Place    | Note
-------+----------+-------------------------------------------
     0 | D:1      | shadizar the Gargoyle Earth Elementalist began the quest
                  | for the Orb.
     0 | D:1      | Reached XP level 1. HP: 10/10 MP: 3/3
   238 | D:1      | Reached XP level 2. HP: 15/15 MP: 1/5
   930 | D:2      | Reached skill level 4 in Earth Magic
   930 | D:2      | Reached XP level 3. HP: 19/19 MP: 2/6
  1084 | D:2      | Found a white marble altar of Elyvilon.
  1307 | D:2      | Reached XP level 4. HP: 24/24 MP: 4/7
  1930 | D:3      | Found an iron altar of Okawaru.
  2157 | D:3      | Found a runed translucent door.
  2157 | D:3      | Noticed Winter's ghost (amateur MiFi)
  2500 | D:3      | Found a broken altar of Ashenzari.
  2702 | D:3      | Reached XP level 5. HP: 28/28 MP: 7/9
  3154 | D:4      | Reached skill level 5 in Earth Magic
  3358 | D:4      | Noticed an ogre
  3361 | D:4      | Killed an ogre
  3362 | D:4      | Reached skill level 6 in Earth Magic
  3362 | D:4      | Reached XP level 6. HP: 32/32 MP: 6/10
  3456 | D:4      | Reached skill level 7 in Earth Magic
  3761 | D:4      | Learned a level 3 spell: Stone Arrow
  3767 | D:4      | Learned a level 5 spell: Lee's Rapid Deconstruction
  3781 | D:5      | Entered Level 5 of the Dungeon
  3832 | D:5      | Reached skill level 1 in Fighting
  3832 | D:5      | Reached XP level 7. HP: 38/38 MP: 5/11
  4074 | D:5      | Found an ancient bone altar of Kikubaaqudgha.
  4208 | D:5      | Found a snail-covered altar of Cheibriados.
  4308 | D:5      | Reached skill level 8 in Earth Magic
  4328 | D:5      | Identified the +1 war axe "Sokofoef" {venom, rF- Str+6}
  4743 | D:5      | Found a staircase to the Ecumenical Temple.
  4830 | Temple   | Entered the Ecumenical Temple
  4927 | Temple   | Became a worshipper of Vehumet
  5030 | D:6      | Reached XP level 8. HP: 48/48 MP: 7/12
  5366 | D:6      | Reached skill level 9 in Earth Magic
  5771 | D:6      | Identified the +1 leather armour of the Tundras {Str+4}
  5925 | D:6      | Reached skill level 10 in Earth Magic
  5957 | D:7      | Reached * piety under Vehumet
  5957 | D:7      | Offered knowledge of Magic Dart by Vehumet.
  5970 | D:7      | Reached skill level 1 in Armour
  6104 | D:7      | Reached XP level 9. HP: 51/53 MP: 9/13
  6107 | D:7      | Reached skill level 5 in Fighting
  6204 | D:7      | Identified the +0 trident of Evisceration {pain, rN+ MP+9}
  6287 | D:7      | Found a hide-covered altar of Uskayaw.
  6385 | D:7      | Found a bloodstained altar of Trog.
  6385 | D:7      | Noticed Duvessa
  6392 | D:7      | Killed Duvessa
  6402 | D:7      | Noticed Dowan
  6406 | D:7      | Killed Dowan
  6486 | D:7      | Found a shimmering blue altar of Sif Muna.
  6490 | D:7      | Got Sif Muna's Papyrus of the Vector
  6934 | D:8      | Found a hazy altar of Hepliaklqana.
  6990 | D:8      | Found an opulent altar of Gozag.
  6996 | D:8      | Found Gozag's Platinum Reserve.
  7037 | D:8      | Noticed a boulder beetle
  7051 | D:8      | Demolished by a boulder beetle

Illustrated notes

Levels and vault maps discovered:
D:1:      mushboom_english_gardens, layout_basic
D:2:      layout_basic, basic_altar, kennysheep_generic_room_5
D:3:      layout_loops_ring, okawaru_trees_1, marbit_many_paths,
          gammafunk_ghost_grave
D:4:      layout_basic, st_stairs_14
D:5:      layout_basic, old_standard_altar, mainiacjoe_overflow_alcove_4,
          minmay_temple_entry_nine_rooms
D:6:      layout_loops_ring, kennysheep_big_empty_room,
          serial_library_hellmonk_secret_room
D:7:      kennysheep_kobold_camp, layout_gridville, lemuel_round_altar,
          kennysheep_mini_moat, nzn_overflow_gifts_of_might_and_magic,
          serial_demonic, serial_demonic_f, serial_demonic_d, serial_demonic_a,
          serial_demonic_a, serial_demonic_e, serial_demonic_c, serial_demonic_g
D:8:      layout_basic, nicolae_gozag_zags_fifth_avenue,
          mainiacjoe_overflow_six_doors_small
Temple:   nicolae_temple_superstar

Skill      XL: |  1  2  3  4  5  6  7  8  9 |
---------------+----------------------------+-----
Earth Magic    | 4 6 7 8 10 | 10.6
Dodging        | 2 3 |  3.8
Conjurations   | 2 3 |  3.0
Spellcasting   | 3 |  3.0
Fighting       | 1 4 6 |  6.1
Armour         | 2 4 |  4.0
Stealth        | |  2.9

Action                     |  1- 3 |  4- 6 |  7- 9 || total
---------------------------+-------+-------+-------++-------
  Melee: Unarmed           |     1 |       |       ||     1
         Dagger            |       |       |    16 ||    16
   Cast: Sandblast         |    35 |    88 |   137 ||   260
         Lee's Rapid Decon |       |       |     2 ||     2
 Armour: Robe              |     6 |    14 |    14 ||    34
         Leather armour    |       |       |    62 ||    62
  Dodge: Dodged            |    12 |    24 |    77 ||   113

Table legend: (Time is in decaauts)
 A = Elapsed time spent in this place.
 B = Non-inter-level travel time spent in this place.
 C = Inter-level travel time spent in this place.
 D = Time resting spent in this place.
 E = Time spent auto-exploring this place.
 F = Levels seen in this place.
 G = Mean time per level.
                   A        B        C        D        E       F      G
               +--------+--------+--------+--------+--------+-----+--------+
         Total |   7183 |   6956 |    227 |      0 |   5702 |   9 |  798.1 |
       Dungeon |   7066 |   6840 |    226 |      0 |   5702 |   8 |  883.2 |
        Temple |    116 |    116 |      0 |      0 |      0 |   1 |  116.0 |
               +--------+--------+--------+--------+--------+-----+--------+

Top non-repeatable levels by time:
     D:5: 1093 daAuts
     D:6: 1057 daAuts
     D:3: 1003 daAuts
     D:2: 977 daAuts
     D:4: 970 daAuts
     D:7: 907 daAuts
     D:1: 887 daAuts
     D:8: 170 daAuts
  Temple: 116 daAuts
